[Event "Early-Titled-Tuesday-Blitz-June-18-2024"]
[Site "Chess.com"]
[Date "2024.06.18"]
[Round "2"]
[White "cycygogne"]
[Black "rookpower2004"]
[Result "1-0"]
[WhiteElo "2203"]
[BlackElo "2464"]
[TimeControl "180+1"]
[EndTime "8:17:29 PDT"]
[Termination "cycygogne won on time"]

1. e4 e5 2. Nf3 Nc6 3. Bc4 Bc5 4. b4 Bxb4 5. c3 Ba5 6. d4 d6 7. O-O Bg4 8. Qb3 Bxf3 9. gxf3 Qd7 10. d5 Nd8 11.
Bg5 Ne7 12. Nd2 h6 13. Bxe7 Kxe7 14. Kh1 Bb6 15. Bb5 c6 16. dxc6 bxc6 17. Bc4 Rb8 18.
Qc2 Ne6 19. Bxe6 Qxe6 20. Qd3 Rhd8 21. Nc4 Bc5 22. Ne3 Kf8 23. Rg1 Bxe3 24. Qxe3 Rd7 25.
Rg3 Rb2 26. Rag1 f6 27. a4 Ra2 28. Rg6 Rxa4 29. Rxh6 gxh6 30. Qxh6+ Ke7 31. Qh8 Qf7 32. Rg7 Ra1+ 33. Kg2 Ke6 34. Qh3+ 1-0

[Event "Early-Titled-Tuesday-Blitz-June-18-2024"]
[Site "Chess.com"]
[Date "2024.06.18"]
[Round "2"]
[White "jup1978"]
[Black "pineapplehhh"]
[Result "1-0"]
[WhiteElo "2463"]
[BlackElo "2095"]
[TimeControl "180+1"]
[EndTime "8:17:30 PDT"]
[Termination "jup1978 won by resignation"]

1. e4 e5 2. Nf3 Nc6 3. Bc4 Nf6 4.
d3 h6 5. O-O g6 6. d4 Nxe4 7.
dxe5 Nc5 8. Nc3 Bg7 9. Be3 Ne6 10.
Qd2 Nxe5 11. Nxe5 Bxe5 12. Rad1 d6 13. f4 Bg7 14. f5 gxf5 15. Nd5 c6 16. Nf4 d5 17.
Bd3 Nxf4 18. Rxf4 Be6 19. Bxf5 Qd7 20. Bxe6 fxe6 21. Rdf1 Be5 22. Rf7 Qxf7 23. Rxf7 Kxf7 24. Qb4 b6 25. Qa4 Rhc8 26. Qh4 Bg7 27. Bxh6 Bxh6 28. Qxh6 Rh8 29. Qf4+ Kg6 30. Qg4+ Kf6 31. Qf4+ Kg6 32. Qd6 Kf5 33. Qxc6 Rac8 34. Qa4 a5 35. c3 Rcg8 36.
Qd4 Rg4 37. Qxb6 Rhg8 38. g3 Re4 39. Kf2 Rh8 40. h4 Rg8 41. Qxa5 Reg4 42. Qc7 e5 43. Qd7+ Ke4 44. Qh7+ R8g6 45. h5 1-0

[Event "Early-Titled-Tuesday-Blitz-June-18-2024"]
[Site "Chess.com"]
[Date "2024.06.18"]
[Round "2"]
[White "GMG"]
[Black "cthulhuuu"]
[Result "1-0"]
[WhiteElo "2724"]
[BlackElo "2350"]
[TimeControl "180+1"]
[EndTime "8:17:31 PDT"]
[Termination "GMG won by checkmate"]

1. d4 Nf6 2. g3 g6 3. Bg2 Bg7 4. c4 O-O 5. Nc3 d6 6. Nf3 c5 7.
O-O cxd4 8. Nxd4 Qa5 9. e3 Nc6 10. h3 Ne5 11. Qe2 Qb4 12. Nd5 Nxd5 13. cxd5 Bd7 14. b3 g5 15. Bb2 Rac8 16. Rad1 a5 17. f4 gxf4 18. exf4 Ng6 19. Kh2 a4 20. a3 Qb6 21. b4 Bb5 22. Nxb5 Bxb2 23. Nxd6 exd6 24. Qxb2 Rfe8 25. h4 Re3 26. h5 Ne7 27. Qf6 Rcc3 28. h6 Kf8 29. Qh8+ Ng8 30. Qg7+ Ke7 31. Qxg8 Rxg3 32. Rfe1+ Kf6 33. Re6+ fxe6 34. Qxe6# 1-0

[Event "Early-Titled-Tuesday-Blitz-June-18-2024"]
[Site "Chess.com"]
[Date "2024.06.18"]
[Round "2"]
[White "Seppppppy"]
[Black "Naruto75_3"]
[Result "0-1"]
[WhiteElo "2192"]
[BlackElo "2480"]
[TimeControl "180+1"]
[EndTime "8:17:31 PDT"]
[Termination "Naruto75_3 won by resignation"]

1. d4 d5 2. c4 c6 3. Nc3 Nf6 4. Nf3 e6 5. Bg5 dxc4 6. e4 b5 7. e5 h6 8. Bh4 g5 9. Nxg5 hxg5 10. Bxg5 Nbd7 11. exf6 Bb7 12. Qf3 Qb6 13. Be2 O-O-O 14.
a4 a6 15. h4 Bb4 16. O-O Rhg8 17. Ne4 c5 18. axb5 axb5 19. Bf4 cxd4 20. Rfc1 Nc5 21. Bxc4 Bxe4 22. Bxe6+ Qxe6 23. Qh5 Qd5 24. Bg5 Kb7 25. f3 Bf5 26. Rd1 d3 27. Rac1 Nb3 28. Rc3 Bxc3 29. bxc3 d2 30. Bxd2 Nxd2 31. Rxd2 Qxd2 32. Qxf7+ Kb6 0-1

[Event "Early-Titled-Tuesday-Blitz-June-18-2024"]
[Site "Chess.com"]
[Date "2024.06.18"]
[Round "2"]
[White "KarlEmilElmer"]
[Black "Rosh1610"]
[Result "1-0"]
[WhiteElo "2267"]
[BlackElo "2463"]
[TimeControl "180+1"]
[EndTime "8:17:31 PDT"]
[Termination "KarlEmilElmer won by checkmate"]

1. d4 Nf6 2. c4 e6 3. Nc3 Bb4 4. Bg5 c5 5. Nf3 Nc6 6. d5 Ne7 7. Bxf6 gxf6 8. e4 Bxc3+ 9. bxc3 d6 10. Bd3 e5 11. Nh4 Ng6 12. Nxg6 fxg6 13. Qf3 O-O 14.
h4 f5 15. h5 fxe4 16. Qxe4 Bf5 17. Qe3 Bxd3 18. Qxd3 Qg5 19. hxg6 hxg6 20. Qh3 Kf7 21. Qd7+ Kf6 22. Rh7 Rae8 23. Qxd6+ Kf5 24. Qd7+ Ke4 25. Rh3 Qxg2 26. Re3+ Kf4 27. O-O-O Qxf2 28. Red3 e4 29. R3d2 Qf3 30. Qd6+ Kf5 31. Qh2 Qxc3+ 32. Rc2 Qe3+ 33. Kb1 Kf6 34. Rh1 Rh8 35. Rf2+ Kg7 36. Qc7+ Kg8 37. Qf7# 1-0

[Event "Early-Titled-Tuesday-Blitz-June-18-2024"]
[Site "Chess.com"]
[Date "2024.06.18"]
[Round "2"]
[White "Adar_07"]
[Black "axvesik"]
[Result "1-0"]
[WhiteElo "2800"]
[BlackElo "2563"]
[TimeControl "180+1"]
[EndTime "8:17:33 PDT"]
[Termination "Adar_07 won by resignation"]

1. e4 e6 2. d4 d5 3. Nd2 c5 4. Ngf3 cxd4 5. exd5 Qxd5 6. Bc4 Qd6 7.
O-O Nf6 8. Nb3 Nc6 9. Nbxd4 Nxd4 10. Nxd4 Be7 11. c3 O-O 12. Qf3 Qc7 13. Bb3 a5 14. a4 e5 15. Nb5 Qb6 16. Be3 Bc5 17. Rfe1 Bd7 18. Bxc5 Qxc5 19. Qxb7 Rab8 20. Qf3 Bxb5 21. axb5 Rxb5 22. c4 Rb4 23. Qc3 Qb6 24. Bc2 Rxb2 25.
Rxe5 Qb4 26. Qd3 Rc8 27. Rexa5 g6 28. Rb5 1-0

[Event "Early-Titled-Tuesday-Blitz-June-18-2024"]
[Site "Chess.com"]
[Date "2024.06.18"]
[Round "2"]
[White "HajiyevKanan"]
[Black "Adrian-thorsen"]
[Result "0-1"]
[WhiteElo "2507"]
[BlackElo "2315"]
[TimeControl "180+1"]
[EndTime "8:17:33 PDT"]
[Termination "Adrian-thorsen won on time"]

1. d4 d5 2. Nf3 Nf6 3. c4 e6 4.
cxd5 exd5 5. Nc3 Be7 6. Qc2 O-O 7. Bf4 c6 8. e3 Re8 9. Bd3 Bd6 10. Bg5 h6 11. Bh4 Bg4 12. Nd2 Nbd7 13. h3 Be6 14. g4 b5 15. O-O-O Nb6 16. g5 hxg5 17. Bxg5 Nc4 18. e4 dxe4 19. Ndxe4 Be7 20. Nc5 Nd5 21.
Bxe7 Qxe7 22. Bxc4 bxc4 23. Nxd5 cxd5 24. Rhg1 Qf6 25.
Rg3 Bf5 26. Qd2 Rab8 27. Rdg1 g6 28. h4 Qxh4 29. Qg5 Qxg5+ 30. Rxg5 Bd3 31. Rxd5 Re2 32. Nxd3 cxd3 33. b3 Rxa2 34. Rg3 Rxb3 35. Rxd3 Rxd3 0-1

[Event "Early-Titled-Tuesday-Blitz-June-18-2024"]
[Site "Chess.com"]
[Date "2024.06.18"]
[Round "2"]
[White "CFalcons8"]
[Black "ElCoachRene"]
[Result "1-0"]
[WhiteElo "2456"]
[BlackElo "2071"]
[TimeControl "180+1"]
[EndTime "8:17:33 PDT"]
[Termination "CFalcons8 won on time"]

1. e4 Nc6 2. d4 d5 3. e5 f6 4. f4 Nh6 5. Nf3 Bg4 6. c3 Nf5 7. Bd3 Nh4 8. Kf2 Nxf3 9. gxf3 Bh5 10. Nd2 e6 11. Nf1 f5 12. Ng3 Bf7 13. b4 Qh4 14.
Qa4 Be7 15. b5 Nb8 16. b6+ Nc6 17. Bb5 Kd7 18. Bxc6+ bxc6 19. b7 Rab8 20. Qxa7 g5 21. fxg5 Bxg5 22. Bxg5 Qxg5 23. Rhg1 Qd2+ 24. Ne2 Bg6 25.
Rgd1 Qg5 26. c4 Qh4+ 27. Ke3 Qh6+ 28. Nf4 Qxh2 29. cxd5 cxd5 30. Rd2 Qh6 31. Rc1 c6 32. Qb6 1-0

[Event "Early-Titled-Tuesday-Blitz-June-18-2024"]
[Site "Chess.com"]
[Date "2024.06.18"]
[Round "2"]
[White "Dolphin_2010"]
[Black "Defenstrator"]
[Result "1-0"]
[WhiteElo "2743"]
[BlackElo "2399"]
[TimeControl "180+1"]
[EndTime "8:17:34 PDT"]
[Termination "Dolphin_2010 won by resignation"]

1. d4 e6 2. c4 d5 3. Nc3 c5 4. cxd5 cxd4 5. Qxd4 Nc6 6. Qe3 Nb4 7. Qd2 exd5 8. a3 Nc6 9. Nxd5 Be6 10. e4 Nf6 11.
Nxf6+ Qxf6 12. Nf3 Rd8 13. Qc2 Bg4 14. Bg5 Qg6 15.
Bxd8 Kxd8 16. Bb5 Bxf3 17. gxf3 Be7 18. O-O-O+ Kc7 19. Kb1 Bf6 20. Qa4 Ra8 21. Bxc6 bxc6 22. Qa5+ Kc8 23. Rd6 Qh5 24. Qxh5 1-0

[Event "Early-Titled-Tuesday-Blitz-June-18-2024"]
[Site "Chess.com"]
[Date "2024.06.18"]
[Round "2"]
[White "ejalmedina"]
[Black "KorolDimitriy75"]
[Result "1/2-1/2"]
[WhiteElo "2314"]
[BlackElo "2516"]
[TimeControl "180+1"]
[EndTime "8:17:35 PDT"]
[Termination "Game drawn by repetition"]

1. d4 Nf6 2. c4 c5 3. d5 b5 4. cxb5 a6 5. bxa6 g6 6. Nc3 Bxa6 7. Nf3 d6 8. e4 Bxf1 9. Kxf1 Nbd7 10. g3 Bg7 11. Kg2 O-O 12. a4 Qb8 13. Qe2 Qb4 14. Bd2 Nb6 15. b3 Rfb8 16. Rab1 Qa5 17.
Nb5 Qa6 18. Rhe1 Ne8 19. Bc3 Bxc3 20. Nxc3 Qxe2 21. Rxe2 Nc7 22. Nd2 Ra7 23. f4 f5 24.
exf5 Nbxd5 25. Nxd5 Nxd5 26. fxg6 Nc3 27. gxh7+ Kxh7 28. Rbe1 Nxe2 29. Rxe2 Kg7 30. Kf3 Kf7 31. h4 c4 32. bxc4 Rxa4 33. h5 Rb2 34. g4 Ra3+ 35. Kf2 Raa2 36. Ke3 Ra3+ 37. Kf2 Raa2 38. Ke3 Ra3+ 39. Kf2 1/2-1/2

[Event "Early-Titled-Tuesday-Blitz-June-18-2024"]
[Site "Chess.com"]
[Date "2024.06.18"]
[Round "2"]
[White "Roachelley"]
[Black "Smiechu"]
[Result "1-0"]
[WhiteElo "2546"]
[BlackElo "2355"]
[TimeControl "180+1"]
[EndTime "8:17:37 PDT"]
[Termination "Roachelley won by resignation"]

1. Nf3 d5 2. e3 Nf6 3. b3 c6 4. Bb2 Bg4 5. Be2 e6 6. O-O Bd6 7. d3 Qc7 8. h3 Bh5 9. c4 Nbd7 10. Nbd2 h6 11. cxd5 exd5 12. e4 dxe4 13. Nxe4 Nxe4 14. dxe4 Bxf3 15. Bxf3 Be5 16. Ba3 Bxa1 17. Bd6 Qb6 18.
Qxa1 O-O-O 19. Qxg7 f6 20. Bg4 Rhe8 21. Bf5 Qd4 22.
Be7 Rxe7 23. Qxe7 Qe5 24. Qxe5 fxe5 25. Rd1 Kc7 26. Rxd7+ Rxd7 27. Bxd7 Kxd7 28. g4 c5 29. h4 b5 30. Kf1 Ke6 31. Ke2 Kf6 32. Ke3 Ke6 33. f4 exf4+ 34. Kxf4 a5 35. g5 hxg5+ 36.
hxg5 Kd6 37. e5+ Kd5 38. g6 Ke6 39. Ke4 Ke7 40. Kd5 c4 41. bxc4 b4 42. Kc5 a4 43.
Kxb4 1-0

[Event "Early-Titled-Tuesday-Blitz-June-18-2024"]
[Site "Chess.com"]
[Date "2024.06.18"]
[Round "2"]
[White "MeisterJabo"]
[Black "DonCiao"]
[Result "0-1"]
[WhiteElo "2445"]
[BlackElo "2104"]
[TimeControl "180+1"]
[EndTime "8:17:37 PDT"]
[Termination "DonCiao won on time"]

1. e4 c5 2. Nf3 Nc6 3. Bb5 Nf6 4. Nc3 g6 5. e5 Ng4 6. Bxc6 dxc6 7. O-O Bg7 8. Qe2 O-O 9. d3 Nh6 10. Bxh6 Bxh6 11. a4 a5 12. Ne4 b6 13. Nfg5 Ra7 14.
e6 f5 15. Nf7 Rxf7 16. exf7+ Kxf7 17. Ng3 Bg7 18. c3 e5 19. f4 Re7 20. Rae1 Ba6 21. c4 exf4 22. Qxe7+ Qxe7 23. Rxe7+ Kxe7 24. Rxf4 Bd4+ 25. Kf1 Bxb2 26. Rf2 Bd4 27. Re2+ Kf7 28. Re1 b5 29. cxb5 cxb5 30. axb5 Bxb5 31. Ke2 a4 32. Rc1 a3 33.
Rc2 Bb2 34. Nf1 a2 35. Rxb2 a1=Q 36. Rxb5 Qe5+ 37. Kf2 Qf4+ 38. Kg1 Qd4+ 39. Kh1 Qxd3 40. Rb7+ Kf6 41. Kg1 c4 42. Rc7 c3 43. h4 c2 44.
Rc6+ Ke7 45. Rc7+ Kd6 46. Rxc2 Qxc2 47. Ne3 Qc5 48. Kf2 f4 0-1

[Event "Early-Titled-Tuesday-Blitz-June-18-2024"]
[Site "Chess.com"]
[Date "2024.06.18"]
[Round "2"]
[White "Ginger_GM"]
[Black "Gareth-Bale11"]
[Result "1/2-1/2"]
[WhiteElo "2639"]
[BlackElo "2935"]
[TimeControl "180+1"]
[EndTime "8:17:38 PDT"]
[Termination "Game drawn by agreement"]

1. f4 b6 2. e4 Bb7 3. Nc3 e6 4. Nf3 d5 5. exd5 exd5 6. Ne5 Nf6 7. d4 Bb4 8. Bd3 Ne4 9. Bxe4 dxe4 10. Be3 Nc6 11. O-O Ne7 12. Qh5 g6 13. Qe2 Bxc3 14. bxc3 h5 15. a4 a5 16. Qb5+ c6 17. Qb3 Qd5 18.
c4 Qe6 19. Qxb6 Ba6 20. Qc5 O-O 21. Rae1 Kg7 22. f5 Nxf5 23. Nxc6 Bxc4 24. Rf4 Rac8 25.
Qe5+ Qxe5 26. Nxe5 Bd5 27. c4 Bxc4 28. Rxe4 Rfe8 29.
Bf2 Bd5 30. R4e2 f6 31. Nd7 Rxe2 32. Rxe2 Rc1+ 33. Re1 Rxe1+ 34. Bxe1 Nxd4 35. Bxa5 Kf7 36. Kf2 Nb3 37. Bc3 Bc6 38. Nxf6 Bxa4 39. Nh7 Ke6 40.
Ng5+ Kf5 41. Nf3 Nc5 42. Ke3 g5 43. g3 Ne6 44. Nd4+ Nxd4 45. Bxd4 Kg4 46. Kf2 1/2-1/2

[Event "Early-Titled-Tuesday-Blitz-June-18-2024"]
[Site "Chess.com"]
[Date "2024.06.18"]
[Round "2"]
[White "GambitGiesbergen"]
[Black "NovakCabarkapa"]
[Result "0-1"]
[WhiteElo "2368"]
[BlackElo "2739"]
[TimeControl "180+1"]
[EndTime "8:17:41 PDT"]
[Termination "NovakCabarkapa won on time"]

1. e4 g6 2. Nc3 Bg7 3. d4 c6 4. Nf3 d5 5. h3 dxe4 6. Nxe4 Nf6 7. Bd3 O-O 8. O-O Nxe4 9. Bxe4 Nd7 10. c3 c5 11. Be3 Nf6 12. Bc2 cxd4 13. Qxd4 Nd5 14. Qd2 Nxe3 15. Qxe3 Qc7 16. Rfe1 e6 17. Ng5 a5 18.
Rad1 a4 19. a3 Ra5 20. Ne4 b6 21. Rd6 Rb5 22. Bxa4 Rxb2 23. Red1 Qc4 24. Bc6 Ba6 25.
Qf3 Be5 26. Rd7 Qe2 27. Qg4 Qxg4 28. hxg4 Be2 29. Re1 Bxg4 30. f3 Bf5 31. Nd6 Bxc3 0-1

[Event "Early-Titled-Tuesday-Blitz-June-18-2024"]
[Site "Chess.com"]
[Date "2024.06.18"]
[Round "2"]
[White "Sargsyan_Shant"]
[Black "ManMish2"]
[Result "1-0"]
[WhiteElo "2959"]
[BlackElo "2640"]
[TimeControl "180+1"]
[EndTime "8:17:43 PDT"]
[Termination "Sargsyan_Shant won on time"]

1. c4 Nf6 2. g3 e6 3. Bg2 d5 4. Nf3 c5 5. cxd5 exd5 6. d4 Nc6 7. O-O cxd4 8. Nxd4 Bc5 9. Nb3 Bb6 10. Bg5 O-O 11. Nc3 Be6 12. Rc1 h6 13. Bf4 d4 14.
Na4 Bd5 15. Qd3 Bxg2 16. Kxg2 Nd5 17. Bd2 Re8 18. Nbc5 Qe7 19. Qf3 Rad8 20. Rfe1 Ndb4 21. Bxb4 Nxb4 22. a3 Nd5 23. Nd3 Qd6 24. Nac5 Re7 25. Rc4 Rde8 26. Rxd4 Rd8 27. b4 Bxc5 28. bxc5 Qe6 29. e4 1-0

[Event "Early-Titled-Tuesday-Blitz-June-18-2024"]
[Site "Chess.com"]
[Date "2024.06.18"]
[Round "2"]
[White "andrzej"]
[Black "tarno17"]
[Result "1-0"]
[WhiteElo "2481"]
[BlackElo "2195"]
[TimeControl "180+1"]
[EndTime "8:17:43 PDT"]
[Termination "andrzej won on time"]

1. e4 c5 2. Nf3 e6 3. d4 cxd4 4. Nxd4 a6 5. h3 Qc7 6. Bd3 Bc5 7.
Nb3 Be7 8. c4 Nf6 9. O-O Nc6 10.
Nc3 Ne5 11. Bf4 d6 12. Rc1 b6 13. a4 Bb7 14. a5 bxa5 15. c5 Nxd3 16. Qxd3 e5 17.
Bg5 O-O 18. Bxf6 gxf6 19. cxd6 Qxd6 20. Qg3+ Kh8 21. Nxa5 Rab8 22. Nxb7 Rxb7 23. Rfd1 Qb4 24. Nd5 Rg8 25. Qxg8+ Kxg8 26. Nxb4 Rxb4 27. Rc7 Bf8 28. Rd8 Kg7 29. Rdd7 Rxb2 30. Rxf7+ Kg8 31. Rxf6 Ba3 32. Rxa6 Rb1+ 33. Kh2 Bf8 34. Ra8 Rf1 35. Kg3 h5 36.
h4 1-0

[Event "Early-Titled-Tuesday-Blitz-June-18-2024"]
[Site "Chess.com"]
[Date "2024.06.18"]
[Round "2"]
[White "Gryffindorac8"]
[Black "publicaccountcze"]
[Result "1-0"]
[WhiteElo "2475"]
[BlackElo "2178"]
[TimeControl "180+1"]
[EndTime "8:17:43 PDT"]
[Termination "Gryffindorac8 won by resignation"]

1. d4 d5 2. c4 e6 3. Nf3 Nf6 4. g3 c6 5. Bg2 dxc4 6. O-O Qc7 7.
a4 b5 8. Ne5 Bb7 9. b3 cxb3 10.
Qxb3 a6 11. Nc3 Nd5 12. Nxd5 exd5 13. axb5 axb5 14. Rxa8 Bxa8 15. Bf4 Bd6 16. Ra1 Bb7 17. e4 Nd7 18. exd5 Bxe5 19. dxe5 cxd5 20. e6 Ne5 21. Rc1 Qd6 22. Qxb5+ Bc6 23. Bxe5 Bxb5 24. Bxd6 Bd7 25. exd7+ 1-0

[Event "Early-Titled-Tuesday-Blitz-June-18-2024"]
[Site "Chess.com"]
[Date "2024.06.18"]
[Round "2"]
[White "biostatistician"]
[Black "micke12a"]
[Result "1-0"]
[WhiteElo "2619"]
[BlackElo "2392"]
[TimeControl "180+1"]
[EndTime "8:17:45 PDT"]
[Termination "biostatistician won by resignation"]

1. d4 Nf6 2. Nf3 d5 3. c4 e6 4. Nc3 dxc4 5. e3 a6 6. Bxc4 b5 7. Bb3 Bb7 8. O-O c5 9. Qe2 Nbd7 10. Rd1 Qb6 11. e4 cxd4 12. Nxd4 Bc5 13. Be3 Nxe4 14. Nxe4 Bxe4 15. Nxe6 fxe6 16. Rxd7 Kxd7 17. Bxc5 Qxc5 18. Qxe4 Kc7 19. Qf4+ Kb7 20. Rc1 Qe7 21. Qe4+ Ka7 22. Qe3+ Kb8 23. Qb6+ Qb7 24. Qd6+ Ka7 25. Rc7 Rac8 26.
Rxb7+ Kxb7 27. h4 Rc6 28. Qe7+ Rc7 29. Qxe6 Rd8 30. Qe4+ Kb6 31. Qxh7 a5 32. Qg6+ Rc6 33. Qxg7 a4 34. Bf7 Rd7 35. Qf8 Rd1+ 36. Kh2 Rd2 37. Qb8+ Ka5 38. Qa7+ Ra6 39. Qc7+ 1-0

[Event "Early-Titled-Tuesday-Blitz-June-18-2024"]
[Site "Chess.com"]
[Date "2024.06.18"]
[Round "2"]
[White "subham777"]
[Black "Bkmzzzzz"]
[Result "1-0"]
[WhiteElo "2590"]
[BlackElo "2371"]
[TimeControl "180+1"]
[EndTime "8:17:45 PDT"]
[Termination "subham777 won by checkmate"]

1. e4 d6 2. g3 Nf6 3. Bg2 e5 4. Ne2 Be7 5. O-O O-O 6. c3 c6 7. d4 Re8 8. h3 Qc7 9. Kh2 Nbd7 10. f4 Bf8 11. fxe5 dxe5 12. d5 Nc5 13. Qc2 cxd5 14.
exd5 e4 15. c4 Nd3 16. Nd2 Nxd5 17. Nxe4 N5b4 18. Qb3 Nxc1 19. Raxc1 a5 20. c5 Be6 21. Qa4 Bd5 22. N2c3 Bc6 23. Qd1 Rad8 24. Qg4 Rd4 25. Nf6+ Kh8 26. Qxd4 gxf6 27. Qxf6+ Bg7 28. Qxf7 Re7 29.
Qf4 Be5 30. Qf8# 1-0

[Event "Early-Titled-Tuesday-Blitz-June-18-2024"]
[Site "Chess.com"]
[Date "2024.06.18"]
[Round "2"]
[White "kleinebeer98"]
[Black "djano"]
[Result "1-0"]
[WhiteElo "2945"]
[BlackElo "2633"]
[TimeControl "180+1"]
[EndTime "8:17:46 PDT"]
[Termination "kleinebeer98 won by resignation"]

1. e4 c5 2. Nf3 g6 3. d4 cxd4 4. Nxd4 Nf6 5. Nc3 Nc6 6. Nf3 d6 7. h3 Bg7 8. Bc4 O-O 9. O-O a6 10. Qe2 b5 11. Bb3 Bb7 12. Bg5 Na5 13. Rad1 Qc7 14.
Rfe1 Nxb3 15. cxb3 Rfe8 16. Qe3 Rac8 17. Bh6 Qc5 18.
Qxc5 Rxc5 19. Bxg7 Kxg7 20. b4 Rc7 21. e5 dxe5 22.
Nxe5 e6 23. Nd3 Nd5 24. Nxd5 Bxd5 25. Nc5 Ra8 26. Rc1 Rc6 27. a3 a5 28. bxa5 Rxa5 29.
Nd3 Ra7 30. Rxc6 Bxc6 31. Rc1 Bd5 32. Rc5 Rb7 33. Nb4 Bc4 34. a4 Kf6 35. a5 Ra7 36. a6 h5 37. Rc6 h4 38. Rb6 Ra8 39. Rb7 Bd5 40. Nxd5+ exd5 41. a7 Ke6 42. f4 f6 43.
Kf2 Kd6 44. b4 Kc6 45. Rf7 d4 46. Ke2 Re8+ 47. Kd3 Kd5 48. Rd7+ Kc6 49. Re7 Rd8 50. Re6+ Kb7 51. Rxf6 Kxa7 52. Rxg6 Rf8 53. Rg4 Rc8 54. f5 Rc3+ 55. Kxd4 Rb3 56. Ke5 Re3+ 57. Kd6 Kb6 58. f6 Re2 59. Rf4 Rxg2 60. f7 Rd2+ 61. Ke5 Re2+ 62.
Kd4 1-0

[Event "Early-Titled-Tuesday-Blitz-June-18-2024"]
[Site "Chess.com"]
[Date "2024.06.18"]
[Round "2"]
[White "PattyCastillo"]
[Black "19912131712118"]
[Result "0-1"]
[WhiteElo "1900"]
[BlackElo "2442"]
[TimeControl "180+1"]
[EndTime "8:17:46 PDT"]
[Termination "19912131712118 won by resignation"]

1. d4 d5 2. Nf3 Nf6 3. e3 g6 4. Nc3 Bg7 5. b3 O-O 6. Bb2 c6 7. Be2 Re8 8. Ne5 Nbd7 9. f4 Nf8 10.
O-O Ne4 11. Bd3 Nxc3 12. Bxc3 f6 13. Nf3 Bg4 14. Qe1 Qd7 15. Qg3 Bxf3 16. Qxf3 e5 17. Qf2 e4 18. Be2 f5 19. Kh1 Ne6 20. Rg1 Kh8 21. g4 Rg8 22. Qh4 Raf8 23. Rg2 Bf6 24. g5 Be7 25. Rag1 Rg7 26. Qe1 Kg8 27. Bb4 Kf7 28. Bxe7 Kxe7 29. Qb4+ Kd8 30. c4 Kc8 31. Rc1 Kb8 32. cxd5 cxd5 33. Bb5 Qe7 34. Qc3 Rgg8 35.
Rgc2 a6 36. Be2 Qd7 37. Qb4 Rc8 38. Bxa6 Rxc2 39. Rxc2 Rc8 40. Rxc8+ Qxc8 41. Qd6+ Ka8 42.
Bf1 Qc1 43. Kg2 Qd2+ 44. Kg1 Qxe3+ 45. Kh1 Qf3+ 46. Bg2 Qd1+ 0-1

[Event "Early-Titled-Tuesday-Blitz-June-18-2024"]
[Site "Chess.com"]
[Date "2024.06.18"]
[Round "2"]
[White "TheBigBoss04"]
[Black "Alexchess1984"]
[Result "1-0"]
[WhiteElo "2808"]
[BlackElo "2563"]
[TimeControl "180+1"]
[EndTime "8:17:47 PDT"]
[Termination "TheBigBoss04 won by resignation"]

1. e4 e6 2. d4 d5 3. Nd2 b6 4.
Ngf3 Qd7 5. exd5 exd5 6. Bd3 Bd6 7. O-O Ne7 8. Re1 O-O 9. Ne5 Qd8 10. c3 f6 11.
Nef3 Bg4 12. Nf1 c5 13. h3 Bh5 14. Ng3 Bg6 15. Bxg6 Nxg6 16. Nf5 Nc6 17. Re6 Qd7 18.
Rxd6 Qxf5 19. dxc5 Nce5 20. Qxd5+ Kh8 21. c6 Rae8 22.
Be3 Nf4 23. Bxf4 Qxf4 24. Nxe5 Rxe5 25. Rd8 Rfe8 26. c7 h6 27. Qxe5 fxe5 28. c8=Q Rxd8 29.
Qxd8+ Kh7 30. Re1 e4 31. Qd4 Qf7 32. Qxe4+ g6 33. Qe7 1-0

[Event "Early-Titled-Tuesday-Blitz-June-18-2024"]
[Site "Chess.com"]
[Date "2024.06.18"]
[Round "2"]
[White "Fore_Man"]
[Black "elamier"]
[Result "0-1"]
[WhiteElo "2157"]
[BlackElo "2468"]
[TimeControl "180+1"]
[EndTime "8:17:47 PDT"]
[Termination "elamier won by checkmate"]

1. Nf3 d5 2. g3 g6 3. d4 Bg7 4. Bg2 c6 5. O-O Nf6 6. b3 O-O 7. Bb2 a5 8. Nbd2 a4 9. c4 Bf5 10. Ne5 Nbd7 11. Ndf3 Ne4 12. Nxd7 Bxd7 13. Rc1 Qa5 14.
Ne5 Be6 15. f3 Nf6 16. Bc3 Qa6 17. Bb2 Rfd8 18. Qc2 a3 19. Ba1 Nd7 20. f4 Bf5 21. e4 dxe4 22. Bxe4 Bxe4 23. Qxe4 Nf6 24. Qf3 Rac8 25.
Rfd1 e6 26. Kg2 Ne8 27. d5 cxd5 28. cxd5 Rxc1 29. Rxc1 exd5 30. Rd1 Nf6 31. Qc3 Qe2+ 32. Kh3 Qh5+ 33. Kg2 Qxd1 34. Qc7 Qe2+ 35. Kh3 Rf8 36. Bd4 Qh5+ 37. Kg2 Ng4 38. Qxb7 Nxe5 39. fxe5 Bxe5 40. Bc5 Qe2+ 41. Kh3 Qf1+ 42. Kg4 Qf5+ 43. Kh4 Bf6# 0-1

[Event "Early-Titled-Tuesday-Blitz-June-18-2024"]
[Site "Chess.com"]
[Date "2024.06.18"]
[Round "2"]
[White "dennisodessa"]
[Black "aa175"]
[Result "0-1"]
[WhiteElo "2585"]
[BlackElo "2839"]
[TimeControl "180+1"]
[EndTime "8:17:48 PDT"]
[Termination "aa175 won on time"]

1. d4 d5 2. c4 Nc6 3. Nf3 Bg4 4.
e3 e5 5. cxd5 Qxd5 6. Nc3 Bb4 7.
Bd2 Bxc3 8. bxc3 e4 9. c4 Qh5 10. Qb3 O-O-O 11. Rb1 exf3 12. Qxb7+ Kd7 13. gxf3 Rb8 14.
Qxb8 Nxb8 15. fxg4 Qxg4 16. Rxb8 Qf3 17. Rg1 g6 18.
Bc3 Nf6 19. Bh3+ Qxh3 20. Rxh8 Qxh2 21. Rf1 Ne4 22. Bb4 c5 23. Bxc5 Nxc5 24. dxc5 Qe5 25. Rxh7 Qc3+ 26. Ke2 Qxc4+ 27. Ke1 g5 28. Rfh1 Qxa2 29.
R1h6 a5 30. Kf1 Ke7 31. Rb6 Qc4+ 32. Kg1 a4 33. Rb7+ Kf6 34. Rhxf7+ Qxf7 35. Rxf7+ Kxf7 0-1

[Event "Early-Titled-Tuesday-Blitz-June-18-2024"]
[Site "Chess.com"]
[Date "2024.06.18"]
[Round "2"]
[White "NovoselovRoman"]
[Black "Andrei_Skvortsov"]
[Result "0-1"]
[WhiteElo "2552"]
[BlackElo "2781"]
[TimeControl "180+1"]
[EndTime "8:17:48 PDT"]
[Termination "Andrei_Skvortsov won on time"]

1. d4 e6 2. Nf3 c5 3. c3 Nf6 4. Bf4 Nc6 5. e3 b6 6. Nbd2 Bb7 7. Bd3 Nh5 8. Bg5 Be7 9. Bxe7 Nxe7 10. Ne4 Qc7 11. Ne5 Nf6 12. Nxf6+ gxf6 13. Ng4 f5 14. Nf6+ Kd8 15. e4 cxd4 16. cxd4 fxe4 17. Bxe4 Bxe4 18. Nxe4 d5 19. Ng5 Qf4 20. h4 h6 21. g3 Qf5 22. Nf3 Qe4+ 23. Kf1 Rc8 24. Kg2 Ng6 25. Re1 Qf5 26. Rc1 Rg8 27. Rxc8+ Kxc8 28. Qc1+ Kb7 29. Re2 Nf4+ 30. Kf1 Qh3+ 31. Ke1 Nd3+ 32. Kd2 Nxc1 33. Kxc1 Qf1+ 34. Kd2 Rc8 35. Ne1 Qh3 36. Re3 Qf5 37.
Rf3 Qg6 38. Nd3 f6 39. Re3 Qf5 40. b3 a5 41. Re1 Re8 42. Nf4 Qg4 43. Re3 Qg8 0-1

[Event "Early-Titled-Tuesday-Blitz-June-18-2024"]
[Site "Chess.com"]
[Date "2024.06.18"]
[Round "2"]
[White "SALVA-DALI"]
[Black "StoreySniper"]
[Result "1-0"]
[WhiteElo "2768"]
[BlackElo "2425"]
[TimeControl "180+1"]
[EndTime "8:17:48 PDT"]
[Termination "SALVA-DALI won on time"]

1. e4 g6 2. Nc3 Bg7 3. d4 c5 4. dxc5 Bxc3+ 5. bxc3 Nf6 6. Bd3 Qa5 7. Ne2 Na6 8. O-O Nxc5 9. f3 d6 10. Be3 O-O 11. Qd2 Be6 12. Nd4 Bd7 13. Nb3 Qc7 14. Nxc5 dxc5 15. c4 e5 16. a4 Be6 17. a5 Ne8 18.
Qf2 Rc8 19. f4 f6 20. fxe5 Qxe5 21. Rab1 Qc7 22. Qh4 b6 23. axb6 axb6 24. Bh6 Rf7 25. Ra1 Qe7 26. Ra6 Rb8 27. Rb1 Bc8 28. Raxb6 Rxb6 29. Rxb6 Qe5 30. Rb1 g5 31. Qf2 Be6 32. Rb5 Rc7 33. h4 gxh4 34. Bf4 Qa1+ 35. Kh2 Rg7 36. Rxc5 h3 37. g3 Re7 38. e5 f5 39.
Rc6 Ng7 40. c5 Rb7 41. Rb6 Bd5 42. Qf1 Qa8 43. Rxb7 Qxb7 44. Qxh3 Bc6 45. Qh4 Qd7 46. Bc4+ Kh8 47. Qf6 Bd5 48. Qf8+ 1-0

[Event "Early-Titled-Tuesday-Blitz-June-18-2024"]
[Site "Chess.com"]
[Date "2024.06.18"]
[Round "2"]
[White "zverr1"]
[Black "Senn71"]
[Result "1-0"]
[WhiteElo "2542"]
[BlackElo "2343"]
[TimeControl "180+1"]
[EndTime "8:17:48 PDT"]
[Termination "zverr1 won on time"]

1. d4 d5 2. Nc3 Nf6 3. Bf4 c6 4. e3 Bf5 5. Bd3 e6 6. f3 Be7 7. g4 Bg6 8. h4 Qb6 9. h5 Bxd3 10. Qxd3 c5 11. Qb5+ Nc6 12. Qxb6 axb6 13. Nb5 Kd7 14. c3 h6 15. Ne2 Ne8 16. Kf2 Nd6 17. Bxd6 Bxd6 18.
f4 f6 19. a3 Ra5 20. Nxd6 Kxd6 21. b4 Ra4 22. Rab1 c4 23. g5 Rxa3 24. gxf6 gxf6 25. Rhg1 e5 26. Rg6 Ke7 27. Rbg1 Rh7 28. Rg7+ Rxg7 29.
Rxg7+ Ke6 30. Rxb7 exd4 31. Rxb6 Kd7 32. exd4 Kc7 33.
Rb5 Ne7 34. Rc5+ 1-0